r e k t, neutral male scurrid Tourist }}}}}}}}}}}}}}}}}}}}}}}}}}}}}}}}}}}}}}}}}}}}}}}}}}}} }}}}}}}}}}}}}}}}}}}}}}}}}}}}}}}}}}}}}}}}}}}}}}}} }}}}}}}}}.}}}}}}.....}}}}}}}}}}}}}}}}}}}}}}} }}};}}`....}}}}}....}}}}}}}}}}}}}}}}}}}} }...}}}}}}}}}}}....}}}..}}}}}}}}}}}} }...P}}}}}}}}}....}}}}.`}}}}}}*} }..`}}}}}}}}}}}}}}}}}}}}}}}}}}- }...}}}}}}}}}}}}}}}}}}}}}}}}}.| }QQ`.}}}}}...}}}}}}}}}}}}}}...----- }..Q..}}}}D.}}}}}}}}}}}}}}}.......| }....}}}}}}}}}}}}}}}}}}}}}}...n...| }+...}}}}}}}}}}}}}}}}}}}}}}...- }....}d}}}}}}}}}}}}}}}}}}}}}}.| }.....@}}}}}&}}}}}}}}}}}}}}}}}- }`...<..}}}}}}}...}}}}}}}}}}}}}}}}}.......}}}}}}}}}}..} }.....}}}}}}}}}}.....}}}}}}}}}}}}}}}.}}}}}}}}}}}}}}.....}}}}}}..}}}.}}}}}}} }}..}}}}}}}}}}}}}....}}}}}}}}}}}}}}}}}}}}}}}}}}}}}}}..}}}}}}}}}}}}j}}}}}}}} }}`!}}}}}}}}}}}}}..h.}}}}}}}}}}}}}}}}}}}}}}}./}}..}}}}}}}}}}}}}}}}}}}}}}}}} }}}}}}}}}}}}}}}}}}}}}}}}}}}}}}}}}}}}}}}}}}}}}}}}}}}}}}}}}}}}}}}}}}}}}}}}}}} }}}}}}}}}}}}}}}}}}}}}}}}}}}}}}}}}}}}}}}}}}}}}}}}}}}}}}}}}}}}}}}}}}}}}}}}}}} r e k t the Rambler Experience level: 1 Strength: 10 Dexterity: 12 Constitution: 14 Intelligence: 16 Wisdom: 7 Charisma: 16 Health: 0(9) Energy: 2(2) Def: 0 Gold: 532 Moves: 63 Dungeon seed: 61T6dCw9Q7pHgiho Game ID: r e k t_1498626063 Your Inventory: Coins $ - 532 gold pieces Weapons a - 41 uncursed +2 darts (in quiver) Armor e - an uncursed +0 Hawaiian shirt (being worn) Comestibles b - 3 uncursed lembas wafers c - 2 uncursed food rations d - 2 uncursed tins of lichen f - an uncursed apple g - an uncursed pancake h - an uncursed chestnut i - an uncursed pear Scrolls k - 2 uncursed scrolls of magic mapping l - 2 blessed scrolls of blank paper Potions j - 2 uncursed potions of extra healing Wands o - an uncursed wand of secret door detection (0:11) q - an uncursed wand of slow monster (0:4) Tools m - an uncursed expensive camera (0:54) n - an uncursed credit card p - an uncursed oil lamp (0:1125) Spells and supernatural/magical abilities: Name Level Category Fail Memory W - pray for help -- divine ? -- Your skills at the end: Miscellaneous Skills wands [Basic] Weapon Skills dart [Basic] Spellcasting Skills Final Attributes: You were devoutly aligned. You had infravision. You were very stealthy. You are dead. Voluntary challenges: You went without food. You did not adorn yourself with jewelry or accessories. You did not cause conflict. You were not invisible. You did not have reflection. You were not displaced. You were an atheist. You never hit with a wielded weapon. You were a pacifist. You did not use tools. You did not use plumbed fixtures. You did not drink any magical draughts. You were illiterate. You never genocided any monsters. You never polymorphed an object. You never changed form. You used no wishes. You never split a pudding. You never wrote Elbereth's name. You never violated your personal moral code. Dungeon overview: The Dungeons of Doom: levels 1 to 26 Level 1 a long staircase Level 2 Level 3 Level 4 a potion shop Level 5 Level 6 Level 7 Level 8 Level 9 Level 10 a fountain Level 11 Level 12 Level 13 some fountains Level 14 Level 15 Level 16 Level 17 a fountain Level 18 Level 19 Level 20 a fountain Level 21 Level 22 Level 23 Level 24 Level 25 Level 26 <- You were here History has recorded: On T:1 you entered the Dungeons of Doom to retrieve the Amulet of Yendor! On T:4 you reached level 2 of The Dungeons of Doom. On T:6 you reached level 3 of The Dungeons of Doom. On T:8 you reached level 4 of The Dungeons of Doom. On T:10 you reached level 5 of The Dungeons of Doom. On T:13 you reached level 6 of The Dungeons of Doom. On T:15 you reached level 7 of The Dungeons of Doom. On T:17 you reached level 8 of The Dungeons of Doom. On T:19 you reached level 9 of The Dungeons of Doom. On T:22 you reached level 10 of The Dungeons of Doom. On T:25 you reached level 11 of The Dungeons of Doom. On T:28 you reached level 12 of The Dungeons of Doom. On T:30 you reached level 13 of The Dungeons of Doom. On T:32 you reached level 14 of The Dungeons of Doom. On T:34 you reached level 15 of The Dungeons of Doom. On T:34 you entered the Rogue tribute level. On T:37 you reached level 16 of The Dungeons of Doom. On T:39 you reached level 17 of The Dungeons of Doom. On T:41 you reached level 18 of The Dungeons of Doom. On T:43 you reached level 19 of The Dungeons of Doom. On T:47 you reached level 20 of The Dungeons of Doom. On T:49 you reached level 21 of The Dungeons of Doom. On T:52 you reached level 22 of The Dungeons of Doom. On T:54 you reached level 23 of The Dungeons of Doom. On T:56 you reached level 24 of The Dungeons of Doom. On T:58 you reached level 25 of The Dungeons of Doom. On T:61 you reached level 26 of The Dungeons of Doom. Score breakdown: Gold: 221 ( 22 points) Experience: 1 level ( 0 points) Exploration: 26 levels ( 750 points) Discoveries: 2 items ( 100 points) Variety of kills: 0 monsters ( 0 points) Major goal: (nothing yet) ( 0 points) Survival: died (score multiplied by 3) Total score: 2616 Latest messages: You dig a hole through the floor. You fall through... q - a platinum wand. You start digging downward. You continue digging downward. You dig a pit in the floor. You continue digging downward. You dig a hole through the floor. You fall through... The wolf bites! You start digging downward. You hear a distant squeak. You continue digging downward. You dig a pit in the floor. The wolf bites! You continue digging downward. As you dig, the hole fills with water! You fall into the water! You sink like a rock. You try to crawl out of the water. Pheew! That was close. The wolf bites! You die... Final status: Aloha r e k t the Tourist, killed by a wolf... You died in The Dungeons of Doom on dungeon level 26 with 2616 points, and 532 pieces of gold, after 63 moves. You were level 1 with a maximum of 9 hit points when you died.